 Dungeon Crawl Stone Soup version 0.24-a0-639-gb70a11d811 (webtiles) character file.

Game seed: 14377634188983619307, levelgen mode: deterministic

137 Johnny the Digger (level 4, -4/35 HPs)
             Began as a Demigod Earth Elementalist on Sept 21, 2019.
             Killed by nerve-wracking pain
             ... invoked by an orc priest
              (14 damage)
             ... on level 4 of the Dungeon.
             The game lasted 00:02:44 (2348 turns).

Johnny the Digger (Demigod Earth Elementalist)      Turns: 2348, Time: 00:02:44

Health: -4/35      AC:  2    Str: 11    XL:     4   Next: 69%
Magic:  11/11      EV: 12    Int: 26    God:
Gold:   205        SH:  0    Dex: 16    Spells: 8/9 levels left

rFire    . . .     SeeInvis .   a - +0 spear
rCold    . . .     Gourm    .   (no shield)
rNeg     . . .     Faith    .   c - +0 robe
rPois    .         Spirit   .   (no helmet)
rElec    .         Reflect  .   (no cloak)
rCorr    .         Harm     .   (no gloves)
MR       .....                  (no boots)
Stlth    +.........             (no amulet)
HPRegen  0.11/turn              h - ring of attention (curse)
MPRegen  0.12/turn              (no ring)

@: brilliant
A: high mp 1
a: no special abilities


You were on level 4 of the Dungeon.
You were hungry.

You visited 1 branch of the dungeon, and saw 4 of its levels.

You collected 205 gold pieces.

Inventory:

Hand Weapons
 a - a +0 spear (weapon)
Missiles
 b - 34 stones (quivered)
Armour
 c - a +0 robe (worn)
Jewellery
 h - a cursed ring of attention (left hand)
 k - an uncursed ring of ice
 o - an uncursed ring of ice
Scrolls
 f - 2 scrolls of magic mapping {unknown}
 g - a scroll of remove curse {unknown}
 i - a scroll of fog {unknown}
 j - 7 scrolls of identify {unknown}
 l - a scroll of amnesia {unknown}
 m - 2 scrolls of enchant weapon {unknown}
 n - 2 scrolls of immolation {unknown}
 s - a scroll of teleportation {unknown}
Potions
 e - a potion of haste {unknown}
 p - a potion of flight {unknown}
 t - a potion of cancellation
Comestibles
 d - 3 rations


   Skills:
 + Level 1.6 Fighting
 - Level 1.7 Dodging
 - Level 1.7 Stealth
 * Level 3.0 Spellcasting
   Level 0.8 Transmutations
 * Level 3.9 Earth Magic


You had 8 spell levels left.
You knew the following spells:

 Your Spells              Type           Power        Failure   Level  Hunger
a - Sandblast             Erth           #####.       1%          1    None

Your spell library contained the following spells:

 Spells                   Type           Power        Failure   Level  Hunger
 Passwall                 Tmut/Erth      ####....     1%          2    #......
 Stone Arrow              Conj/Erth      ####..       1%          3    ###....
 Petrify                  Tmut/Erth      ####....     4%          4    ####...
 Lee's Rapid Deconstruct  Erth           #####.....   6%          5    ######.


Dungeon Overview and Level Annotations

Branches:
Dungeon (4/15)
 Temple: D:4-7


Innate Abilities, Weirdness & Mutations

You have an increased reservoir of magic. (+10% MP)


Message History

Beogh smites you!
The orc priest looks braver for a moment.
The orc wizard casts a spell at you. The magic dart hits you.
Okay, then.
It was a potion of cancellation.
You feel magically purged.
The orc priest calls upon Beogh to heal the orc wizard.
The orc wizard's wounds heal themselves!
The orc priest looks encouraged for a moment.
The orc priest calls down the wrath of Beogh upon you.
Pain shoots through your body!
* * * LOW HITPOINT WARNING * * *
The orc wizard gestures wildly while chanting.
The orc wizard flickers and vanishes!
Deactivating autopickup; reactivate with Ctrl-A.
It was a potion of brilliance.
You feel clever all of a sudden.
The orc priest mumbles some strange prayers to Beogh against you.
Pain shoots through your body!
You die...

......>...........#
..................##
.................<.#
.....................#
..........###.#######
..........# #.#
##........###.# ..
#........o....#
...##..†......##@.#
.........g..{.##..##
..............#....#
#............##.##.##
.........oZ..##.##..#
..........†..##.###.#
........o....##.###.#
...........#........####
.......#.######.##.....#


You could see an orc priest.

Vanquished Creatures
  An orc priest (D:3)
  5 adders
  2 worms
  A dart slug (D:3)
  A leopard gecko (D:2)
  6 orcs (D:3)
  A giant cockroach (D:4)
  4 goblins
  6 hobgoblins
  A ball python (D:4)
  9 bats
  5 frilled lizards
  3 kobolds
  10 rats
55 creatures vanquished.

Notes
Turn   | Place    | Note
-------+----------+-------------------------------------------
     0 | D:1      | Johnny the Demigod Earth Elementalist began the quest for
                  | the Orb.
     0 | D:1      | Reached XP level 1. HP: 14/14 MP: 5/5
   278 | D:1      | Reached XP level 2. HP: 18/22 MP: 7/7
   469 | D:2      | Found a hazy altar of Hepliaklqana.
   865 | D:2      | Reached skill level 1 in Fighting
   865 | D:2      | Reached XP level 3. HP: 18/28 MP: 7/9
  1092 | D:2      | Found a faded altar of an unknown god.
  1385 | D:3      | Found an opulent altar of Gozag.
  1456 | D:3      | Reached XP level 4. HP: 8/35 MP: 4/10
  2301 | D:4      | Found a blossoming altar of Fedhas.
  2348 | D:4      | Killed from afar by an orc priest

Levels and vault maps discovered:
D:1:      dpeg_arrival_concentric_ovals, layout_rooms
D:2:      layout_rooms, lemuel_crystal_altar,
          chequers_ecumenical_altar_simple_redux
D:3:      layout_rooms, nicolae_gozag_cash_rules_everything_around_me
D:4:      layout_rooms, lemuel_round_altar, dancing_weapons_uskayaw,
          fedhas_altar_1, first_ration, yredelemnul_altar_generic

Skill      XL: |  1  2  3  4 |
---------------+-------------+-----
Spellcasting   | 2 3 |  3.0
Earth Magic    | 3 |  3.9
Fighting       | 1 |  1.6
Dodging        | |  1.7
Stealth        | |  1.7
Transmutations | |  0.8

Action                   |  1- 3 |  4- 6 || total
-------------------------+-------+-------++-------
Melee: Spear             |    84 |    22 ||   106
 Cast: Sandblast         |    16 |    30 ||    46
  Use: Potion            |       |     2 ||     2
 Stab: Sleeping          |     7 |       ||     7
  Eat: Chunk             |     1 |     3 ||     4
Armor: Robe              |    13 |     4 ||    17
Dodge: Dodged            |    48 |    26 ||    74

Table legend:
 A = Non-vault XP
 B = Vault XP
 C = Vault XP percentage of total XP
 D = Non-vault monster count
 E = Vault monster count
 F = Vault count percentage of total count
                 A         B        C        D         E       F
            +---------+---------+-------+---------+---------+-------
      Total |     197 |       0 |   0.0 |      55 |       0 |   0.0
            +---------+---------+-------+---------+---------+-------
        D:1 |      21 |       0 |   0.0 |      16 |       0 |   0.0
        D:2 |      44 |       0 |   0.0 |      10 |       0 |   0.0
        D:3 |     128 |       0 |   0.0 |      26 |       0 |   0.0
        D:4 |       4 |       0 |   0.0 |       3 |       0 |   0.0
            +---------+---------+-------+---------+---------+-------
